 Dungeon Crawl Stone Soup version 0.25.1-2-g60ff931df9 (webtiles) character file.

Game seed: 8823876831429814140

225334 Eitelfritz the Hoplite (level 18, -1/168 HPs)
             Began as a Minotaur Gladiator on Aug 2, 2020.
             Was the Champion of Makhleb.
             Slain by a swamp dragon (11 damage)
             ... on level 4 of the Swamp.
             The game lasted 02:52:09 (38685 turns).

Eitelfritz the Hoplite (Minotaur Gladiator)        Turns: 38685, Time: 02:52:09

Health: -1/168     AC: 29    Str: 28    XL:     18   Next: 61%
Magic:  22/22      EV: 11    Int: 12    God:    Makhleb [******]
Gold:   2115       SH: 22    Dex:  9    Spells: 17/17 levels left

rFire    . . .     SeeInvis .   L - +8 demon blade (venom)
rCold    + . .     Gourm    .   i - +5 kite shield
rNeg     + + .     Faith    .   O - +3 plate armour {rC+}
rPois    +         Spirit   .   k - -2 hat "Fiussaru" {rElec rN+ MR+ rCorr Dex-5}
rElec    +         Reflect  .   p - +2 cloak
rCorr    +         Harm     .   a - +2 pair of gloves
MR       +++..                  Y - +2 pair of boots {run}
Stlth    ..........             l - amulet "Jeitishaa" {+Fly rElec Regen+ Dex+2 Stlth+}
HPRegen  0.78/turn              G - ring "Ifudios" {rPois Str+5 Stlth+}
MPRegen  0.18/turn              P - ring "Vaott" {rN+ MR+ Int+3}

@: quick
A: retaliatory headbutt, horns 2
}: 1/15 runes: serpentine
a: Minor Destruction, Lesser Servant of Makhleb, Major Destruction, Greater
Servant of Makhleb, Renounce Religion, Evoke Flight


You were on level 4 of the Swamp.
You worshipped Makhleb.
Makhleb was exalted by your worship.
You were not hungry.

You visited 6 branches of the dungeon, and saw 32 of its levels.
You also visited: Sewer, Ossuary, Bailey and Ice Cave.

You collected 4098 gold pieces.
You spent 1983 gold pieces at shops.

Inventory:

Hand Weapons
 y - a +3 scimitar of flaming
 B - the +3 long sword of Wipufosch {vorpal, rC+ Dex+3}
   (You found it on level 4 of the Dungeon)

   It inflicts extra damage upon your enemies.
   It affects your dexterity (+3).
   It protects you from cold.
 C - the +9 double sword "Pendulum" {antimagic, rF+}
   (You took it off an orc knight on level 2 of the Orcish Mines)

   It reduces the magical energy of the wielder, and disrupts the spells and
   magical abilities of those hit.
   Natural abilities and divine invocations are not affected.
   It protects you from fire.
 L - a +8 demon blade of venom (weapon)
Missiles
 d - 7 throwing nets (quivered)
Armour
 a - a +2 pair of gloves (worn)
 i - a +5 kite shield (worn)
 k - the -2 hat "Fiussaru" (worn) {rElec rN+ MR+ rCorr Dex-5}
   (You bought it in a shop on level 11 of the Dungeon)

   It affects your dexterity (-5).
   It insulates you from electricity.
   It protects you from negative energy.
   It affects your resistance to hostile enchantments.
   It provides partial protection from all sources of acid and corrosion.
 p - a +2 cloak (worn)
 O - a +3 plate armour of cold resistance (worn)
 Y - a +2 pair of boots of running (worn)
Jewellery
 l - the amulet "Jeitishaa" (around neck) {+Fly rElec Regen+ Dex+2 Stlth+}
   (You found it in an ice cave)

   [amulet of regeneration]

   It affects your dexterity (+2).
   It insulates you from electricity.
   It lets you fly.
   It increases your rate of regeneration.
   It makes you more stealthy.
 t - an uncursed amulet of reflection
 G - the ring "Ifudios" (left hand) {rPois Str+5 Stlth+}
   (You found it in an ossuary)

   [ring of poison resistance]

   It affects your strength (+5).
   It protects you from poison.
   It makes you more stealthy.
 J - the ring of Lonuty {+Fly rF+ MP+9 SInv Stlth-}
   (You bought it in a shop on level 2 of the Orcish Mines)

   [ring of attention]

   It protects you from fire.
   It affects your magic capacity (+9).
   It lets you see invisible.
   It lets you fly.
   It makes you less stealthy.
 P - the ring "Vaott" (right hand) {rN+ MR+ Int+3}
   (You found it on level 9 of the Dungeon)

   [ring of positive energy]

   It affects your intelligence (+3).
   It protects you from negative energy.
   It affects your resistance to hostile enchantments.
Wands
 m - a wand of iceblast (22)
 I - a wand of flame (6)
 K - a wand of enslavement (11)
 Q - a wand of disintegration (24)
 S - a wand of paralysis (55)
Scrolls
 c - 4 scrolls of magic mapping
 h - 12 scrolls of teleportation
 o - 14 scrolls of remove curse
 u - 5 scrolls of fear
 A - 3 scrolls of torment
 D - a scroll of enchant armour
 E - 6 scrolls of identify
 M - a scroll of vulnerability
 T - 4 scrolls of fog
 U - 3 scrolls of amnesia
 V - 4 scrolls of blinking
 X - 2 scrolls of silence
Potions
 b - 3 potions of stabbing
 e - 5 potions of magic
 g - a potion of cancellation
 j - 16 potions of curing
 n - 3 potions of invisibility
 q - 4 potions of resistance
 r - 2 potions of haste
 s - 7 potions of brilliance
 w - 7 potions of flight
 x - 2 potions of ambrosia
 z - 2 potions of might
 F - 3 potions of berserk rage
 H - a potion of mutation
Comestibles
 f - 51 rations
 v - 5 chunks of flesh


   Skills:
 + Level 16.6 Fighting
 + Level 18.8 Long Blades
   Level 2.1 Maces & Flails
 + Level 2.4 Throwing
 + Level 15.9 Armour
 + Level 7.8 Dodging
 + Level 2.5 Stealth
 + Level 21.4 Shields
 + Level 7.7 Invocations
 * Level 2.1 Evocations


You had 17 spell levels left.
You didn't know any spells.
Your spell library contained the following spells:

 Spells                   Type           Power        Failure   Level  Hunger
 Animate Skeleton         Necr           N/A          88%         1    ##.....
 Beastly Appendage        Tmut           #.....       88%         1    ##.....
 Magic Dart               Conj           #...         88%         1    ##.....
 Pain                     Necr           #...         88%         1    ##.....
 Sandblast                Erth           #.....       88%         1    ##.....
 Sting                    Tmut/Pois      #...         88%         1    ##.....
 Blink                    Tloc           N/A          96%         2    ###....
 Call Imp                 Summ           #.......     96%         2    ###....
 Corpse Rot               Necr/Air       N/A          96%         2    ###....
 Passwall                 Tmut/Erth      #.......     96%         2    ###....
 Slow                     Hex            #.......     96%         2    ###....
 Sticks to Snakes         Tmut           #.......     96%         2    ###....
 Conjure Flame            Conj/Fire      #.......     99%         3    ####...
 Mephitic Cloud           Conj/Pois/Air  #.......     99%         3    ####...
 Spider Form              Tmut/Pois      #.........   99%         3    ####...
 Stone Arrow              Conj/Erth      #.....       99%         3    ####...
 Vampiric Draining        Necr           #.........   99%         3    ####...
 Animate Dead             Necr           N/A          100%        4    #####..
 Hailstorm                Conj/Ice       #.......     100%        4    #####..
 Ice Form                 Ice/Tmut       #.......     100%        4    #####..
 Leda's Liquefaction      Hex/Erth       #.........   100%        4    #####..
 Petrify                  Tmut/Erth      #.......     100%        4    #####..
 Agony                    Necr           #.......     100%        5    ######.
 Blade Hands              Tmut           #.........   100%        5    ######.
 Bolt of Magma            Conj/Fire/Erth #.........   100%        5    ######.
 Borgnjor's Vile Clutch   Necr/Erth      #.........   100%        5    ######.
 Excruciating Wounds      Chrm/Necr      #.........   100%        5    ######.
 Lee's Rapid Deconstruct  Erth           #.........   100%        5    ######.
 Metabolic Englaciation   Hex/Ice        #.........   100%        5    ######.
 Freezing Cloud           Conj/Ice/Air   #.........   100%        6    #######
 Iron Shot                Conj/Erth      #.........   100%        6    #######
 Ozocubu's Refrigeration  Ice            #.........   100%        6    #######
 Simulacrum               Ice/Necr       #.........   100%        6    #######
 Statue Form              Tmut/Erth      #........    100%        6    #######
 Dragon Form              Tmut           #.........   100%        7    #######
 Shatter                  Erth           #.........   100%        9    #######


Dungeon Overview and Level Annotations

Branches:
Dungeon (15/15)            Temple (1/1) D:6            Lair (6/6) D:8
  Swamp (4/4) Lair:3        Snake (4/4) Lair:3        Slime (0/5) Lair:6
    Orc (2/2) D:11            Elf (0/3) Orc:2        Vaults (0/5) D:14
 Depths (0/5) D:15          Sewer (visited)         Ossuary (visited)
 Bailey (visited)           IceCv (visited)

Altars:
Ashenzari
Cheibriados
Dithmenos
Elyvilon
Fedhas
Gozag
Hepliaklqana
Kikubaaqudgha
Makhleb
Nemelex Xobeh
Okawaru
Qazlal
Ru
Sif Muna
Trog
Uskayaw
Vehumet
Wu Jian
Xom
Yredelemnul
Zin
The Shining One
Jiyva

Shops:
D:7 *   D:9 =   D:11 [   D:15 [   Orc:2 :(=?   Snake:3 ?!   Snake:4 ***

Portals:
Trove: D:12 (give 12 scrolls of teleportation)

Annotations:
D:2 Sigmund
D:15 3 runed translucent doors, DungeonDestroyer's ghost, journeyman FoFi
Snake:4 exclusion: obsidian statue


Innate Abilities, Weirdness & Mutations

You reflexively headbutt those who attack you in melee.
You have a pair of horns on your head.


Message History

The blast of flame hits you!!!
* * * LOW HITPOINT WARNING * * *
You hear a roar!
You hear an angry hiss.
You barely miss the fire dragon.
The fire dragon is severely wounded.
You hear a deafening roar!
You hear an angry hiss.
Your plate armour prevents you from hitting the fire dragon.
The fire dragon is severely wounded.
The fire dragon barely misses you. You block the fire dragon's attack.
The fire dragon tramples you but does no damage.
You slash the fire dragon! Your headbutt misses the fire dragon.
The fire dragon is almost dead.
The fire dragon bites you.
* * * LOW HITPOINT WARNING * * *
You block the fire dragon's attack. x2
You hit the fire dragon but do no damage.
Your headbutt misses the fire dragon.
The fire dragon is almost dead.
The swamp dragon bites you!
You die...

♣.≈....≈≈.♣#
♣♣≈...≈..♣#
♣♣..≈.≈..♣ ♣
♣♣....≈♣#
♣.♣♣♣.≈≈.≈≈♣ ♣#
....♣......♣# ♣.♣♣♣
♣....≈....≈.♣# #.≈.≈
♣♣..≈..≈♣♣≈≈♣##♣≈..♣
♣♣.....♣♣♣..@D.≈.≈♣
♣≈.≈...≈♣.†≈D...♣♣
♣♣..≈.≈.†≈..†≈.♣♣
♣♣..≈.§≈.†....≈♣
♣.≈..≈≈..≈.§..♣♣♣
♣♣≈....≈..≈.≈.§.♣
♣≈....≈.§≈%.≈...♣
♣♣.≈≈..♣♣♣≈♣♣♣.♣♣
♣♣....♣ ♣♣ §.♣


You could see a fire dragon (extremely poisoned) and a swamp dragon.

Vanquished Creatures
  Saint Roka (Snake:2)
  Rupert (D:12)
  Asterion (Snake:2)
  An acid blob (Lair:6)
  The ghost of rayg00n the Stormcaller, an adept TeAE of Vehumet (Snake:4)
  11 nagarajas
  Aizul (Snake:3)
  Louise (Snake:2)
  3 stone giants (Orc:2)
  A very ugly thing (Swamp:4)
  Azrael (Snake:1)
  2 blizzard demons (IceCv)
  2 fire dragons
  10 naga warriors
  4 vault guards (D:14)
  The ghost of Tali the Cleaver, a journeyman DsBe of Trog (Orc:2)
  A ghost crab (Swamp:2)
  3 shambling mangroves
  9 hydras
  An ice dragon (D:15)
  13 alligators
  14 anacondas
  6 two-headed ogres
  3 centaur warriors
  2 tengu warriors (D:15)
  3 death yaks (D:7)
  Urug (Lair:2)
  8 shock serpents
  11 naga sharpshooters
  Nergalle (Lair:4)
  A fire crab (Swamp:4)
  4 salamander mystics (Snake:4)
  A spriggan druid (Swamp:3)
  5 naga ritualists
  2 unseen horrors
  4 swamp dragons
  4 orc knights (Orc:2)
  5 lindwurms
  5 mana vipers
  An oklob plant (Lair:3)
  7 ugly things
  An orc sorcerer (Orc:2)
  A wolf spider (Lair:6)
  A moth of wrath (Orc:2)
  9 deep elf magi (D:14)
  11 salamanders
  2 cyclopes (D:14)
  9 guardian serpents
  46 black mambas
  12 elephants
  20 naga magi
  An ice statue (D:11)
  16 spiny frogs
  3 gargoyles
  5 rime drakes
  9 komodo dragons
  A redback zombie (D:15)
  2 tengu conjurers (D:15)
  An efreet (D:14)
  3 kobold demonologists
  An anaconda simulacrum (IceCv)
  3 freezing wraiths (IceCv)
  2 golden dragon simulacra (IceCv)
  A queen bee (Lair:1)
  5 ice devils (IceCv)
  A meliai (D:9)
  8 trolls
  12 hornets
  A polar bear (Lair:2)
  25 slime creatures
  4 blink frogs (Lair:6)
  4 tyrant leeches
  2 meliai zombies
  5 hippogriffs
  7 bog bodies
  A centaur simulacrum (D:15)
  2 redbacks (Lair:6)
  A shadow (D:14)
  A vampire (D:15)
  49 yaks
  4 spriggans
  3 water elementals (D:13)
  A wraith (D:10)
  8 wyverns
  4 fire elementals
  3 dire elephant simulacra (IceCv)
  9 basilisks
  3 steam dragons
  A hungry ghost (D:7)
  7 vampire mosquitoes
  38 nagas
  5 insubstantial wisps (Swamp:3)
  3 iron troll simulacra (IceCv)
  A soldier ant (D:14)
  16 swamp worms
  2 wargs (Orc:1)
  3 harpy simulacra (IceCv)
  2 acid dragons (Lair:6)
  3 hell hounds
  34 water moccasins
  8 porcupines
  45 orc warriors
  3 hydra simulacra (IceCv)
  9 swamp drakes
  An eye of draining (D:14)
  3 black bears
  3 sky beasts
  3 ice beasts
  14 wolves
  3 phantoms
  3 boggarts (D:15)
  2 necrophages
  2 alligator simulacra (IceCv)
  14 ogres
  15 centaurs
  13 crocodiles
  A big kobold (Sewer)
  An elf zombie (Ossuary)
  13 bullfrogs
  A wyvern zombie (D:11)
  8 gnoll sergeants (Bailey)
  4 scorpions
  2 wyvern skeletons
  34 killer bees
  An elephant simulacrum (IceCv)
  10 wights
  A vampire bat (Lair:5)
  2 electric eels (D:13)
  8 crimson imps
  2 bullfrog zombies
  2 centaur zombies
  2 quasits (D:6)
  3 draconian simulacra (IceCv)
  7 hounds
  2 human zombies (Ossuary)
  6 jellies
  20 orc priests
  3 bullfrog skeletons
  7 centaur skeletons
  22 orc wizards
  6 gnoll shamans (Bailey)
  9 iguanas
  A hell rat (D:8)
  2 polar bear simulacra (IceCv)
  4 spriggan simulacra (IceCv)
  15 worker ants
  2 big kobold zombies (Ossuary)
  2 mummies (Ossuary)
  A hound skeleton (D:9)
  4 worker ant zombies
  A howler monkey skeleton (D:4)
  13 adders
  22 gnolls
  3 naga simulacra (IceCv)
  2 ogre simulacra (IceCv)
  A river rat (D:3)
  A shadow imp (D:4)
  4 white imps (IceCv)
  5 ufetubi (IceCv)
  11 oozes (Lair:3)
  2 adder zombies (Ossuary)
  5 worms
  3 dart slugs
  7 leopard geckos
  100 orcs
  11 bats
  3 giant cockroaches
  12 goblins
  5 hobgoblins
  7 jackals
  6 quokkas
  3 ball pythons
  7 frilled lizards
  A goblin zombie (Ossuary)
  10 hobgoblin zombies (Ossuary)
  A jackal skeleton (D:5)
  2 jackal zombies (Ossuary)
  11 kobolds
  10 kobold zombies (Ossuary)
  A leopard gecko skeleton (D:6)
  A leopard gecko zombie (D:5)
  6 orc zombies (Ossuary)
  11 rats
  A plant (Lair:6)
1233 creatures vanquished.

Vanquished Creatures (collateral kills)
  A naga ritualist (Snake:4)
1 creature vanquished.

Vanquished Creatures (others)
  A hydra (Swamp:4)
  A spriggan (Swamp:3)
  A salamander mystic (Snake:4)
  4 swamp dragons (Swamp:4)
  A freezing wraith (IceCv)
  A hornet (Swamp:3)
  2 swamp worms
  6 swamp drakes (Swamp:4)
  17 fungi
  10 plants
44 creatures vanquished.

Grand Total: 1278 creatures vanquished

Notes
Turn   | Place    | Note
-------+----------+-------------------------------------------
     0 | D:1      | Eitelfritz the Minotaur Gladiator began the quest for the
                  | Orb.
     0 | D:1      | Reached XP level 1. HP: 18/18 MP: 0/0
   216 | D:1      | Reached XP level 2. HP: 25/25 MP: 1/1
   879 | D:2      | Reached XP level 3. HP: 23/30 MP: 2/2
  1137 | D:2      | Reached skill level 1 in Armour
  1293 | D:2      | Found a white marble altar of Elyvilon.
  1497 | D:2      | Reached XP level 4. HP: 37/37 MP: 3/3
  1643 | D:2      | Noticed Sigmund
  1871 | D:3      | Found a faded altar of an unknown god.
  1871 | D:3      | Found a shattered altar of Ashenzari.
  1998 | D:3      | Reached XP level 5. HP: 36/46 MP: 4/4
  2005 | D:3      | Found a glowing drain.
  2022 | D:3      | Reached skill level 5 in Long Blades
  2030 | Sewer    | Entered a sewer
  2217 | Sewer    | Found a white marble altar of Elyvilon.
  2428 | D:3      | Found a radiant altar of Vehumet.
  2546 | D:3      | Found a hide-covered altar of Uskayaw.
  2548 | D:3      | Found a blossoming altar of Fedhas.
  2549 | D:3      | Found a stormy altar of Qazlal.
  2592 | D:3      | Found an opulent altar of Gozag.
  2859 | D:3      | Reached XP level 6. HP: 45/52 MP: 5/5
  3712 | D:4      | Found a sparkling altar of Nemelex Xobeh.
  4154 | D:4      | Got a crude long sword
  4349 | D:4      | Reached XP level 7. HP: 33/60 MP: 6/6
  4823 | D:4      | Identified the +3 long sword of Wipufosch {vorpal, rC+
                  | Dex+3} (You found it on level 4 of the Dungeon)
  4960 | D:5      | Entered Level 5 of the Dungeon
  5299 | D:5      | Reached skill level 1 in Shields
  5455 | D:5      | Reached skill level 5 in Armour
  5476 | D:5      | Reached skill level 5 in Fighting
  5476 | D:5      | Reached XP level 8. HP: 38/68 MP: 7/7
  5687 | D:5      | Reached skill level 2 in Shields
  6038 | D:5      | Found a shadowy altar of Dithmenos.
  6343 | D:6      | Found a burning altar of Makhleb.
  6348 | D:6      | Became a worshipper of Makhleb the Destroyer
  6447 | D:6      | Found a staircase to the Ecumenical Temple.
  6603 | D:6      | Reached skill level 10 in Long Blades
  6603 | D:6      | Reached skill level 1 in Invocations
  6684 | D:6      | Reached XP level 9. HP: 52/75 MP: 7/9
  6973 | Temple   | Entered the Ecumenical Temple
  7205 | D:7      | Reached skill level 3 in Shields
  7272 | D:7      | Found a sand-covered staircase.
  7315 | Ossuary  | Entered an ossuary
  7346 | Ossuary  | Reached * piety under Makhleb
  7541 | Ossuary  | Got a wavering ivory ring
  7561 | Ossuary  | Reached ** piety under Makhleb
  7571 | Ossuary  | Identified the ring "Ifudios" {rPois Str+5 Stlth+} (You
                  | found it in an ossuary)
  7620 | D:7      | Found Onkasm's Assorted Antiques.
  7650 | D:7      | Reached skill level 4 in Shields
  7801 | D:7      | Bought a viscous green potion for 25 gold pieces
  7801 | D:7      | Bought a scroll of identify for 56 gold pieces
  7801 | D:7      | Bought 2 scrolls of identify for 112 gold pieces
  7801 | D:7      | Bought a scroll of identify for 56 gold pieces
  7801 | D:7      | Bought a grey potion for 25 gold pieces
  8068 | D:7      | Found a glowing silver altar of Zin.
  8143 | D:8      | Noticed a death yak
  8158 | D:7      | Reached skill level 5 in Shields
  8218 | D:8      | Noticed a death yak
  8221 | D:8      | Noticed a death yak
  8236 | D:7      | Killed a death yak
  8236 | D:7      | Reached skill level 5 in Dodging
  8236 | D:7      | Reached skill level 6 in Shields
  8236 | D:7      | Reached XP level 10. HP: 52/86 MP: 11/11
  8246 | D:7      | Killed a death yak
  8256 | D:7      | Killed a death yak
  8271 | D:8      | Found a staircase to the Lair.
  8334 | D:8      | Reached *** piety under Makhleb
  8399 | D:8      | Reached skill level 7 in Shields
  8403 | D:8      | Found a flagged portal.
  8410 | Bailey   | Entered a bailey
  8543 | Bailey   | Reached skill level 5 in Invocations
  9318 | D:8      | Found a bloodstained altar of Trog.
  9366 | D:8      | Reached skill level 8 in Shields
  9425 | D:8      | Reached **** piety under Makhleb
 10277 | D:9      | Found Imaemisapa's Jewellery Boutique.
 10285 | D:9      | Bought an uncursed ring of protection from magic for 350
                  | gold pieces
 10599 | D:9      | Reached XP level 11. HP: 94/94 MP: 14/14
 10664 | D:9      | Killed an unseen horror
 10875 | D:9      | Got a sparkling silver ring
 10910 | D:9      | Identified the ring "Vaott" {rN+ MR+ Int+3} (You found it
                  | on level 9 of the Dungeon)
 10912 | D:10     | Entered Level 10 of the Dungeon
 11014 | D:10     | Noticed a seven-headed hydra
 11023 | D:10     | Killed a seven-headed hydra
 11045 | D:10     | Reached skill level 1 in Maces & Flails
 11045 | D:10     | Reached skill level 9 in Shields
 11353 | D:10     | Noticed a two-headed ogre
 11361 | D:10     | Killed a two-headed ogre
 11995 | D:11     | Found Echieful's Antique Armour Shop.
 12160 | D:11     | Reached skill level 10 in Armour
 12252 | D:11     | Found a staircase to the Orcish Mines.
 12363 | D:11     | Reached ***** piety under Makhleb
 13108 | D:11     | Reached XP level 12. HP: 83/103 MP: 15/15
 13425 | D:12     | Reached skill level 10 in Shields
 13529 | D:12     | Noticed Rupert
 13550 | D:12     | Killed Rupert
 13675 | D:12     | Found a portal to a secret trove of treasure.
 14132 | D:11     | Bought a slimy hat for 261 gold pieces
 14142 | D:11     | Identified the cursed -2 hat "Fiussaru" {rElec rN+ MR+
                  | rCorr Dex-5} (You bought it in a shop on level 11 of the
                  | Dungeon)
 14340 | D:13     | Noticed a centaur warrior
 14345 | D:13     | Killed a centaur warrior
 14359 | D:13     | Noticed a two-headed ogre
 14371 | D:13     | Killed a two-headed ogre
 14371 | D:13     | Reached skill level 11 in Shields
 14652 | D:13     | Noticed a two-headed ogre
 14665 | D:13     | Killed a two-headed ogre
 14665 | D:13     | Reached skill level 10 in Fighting
 14780 | D:13     | Identified a scroll of acquirement
 14780 | D:13     | Acquired 970 gold pieces
 14783 | D:13     | Reached skill level 12 in Shields
 14783 | D:13     | Reached skill level 1 in Evocations
 14783 | D:13     | Reached XP level 13. HP: 114/114 MP: 16/16
 15275 | D:14     | Reached skill level 15 in Long Blades
 15381 | D:14     | Reached XP level 14. HP: 96/122 MP: 17/17
 15607 | D:14     | Found a gate to the Vaults.
 15881 | D:14     | Found a white marble altar of Elyvilon.
 16114 | D:14     | Reached skill level 13 in Shields
 16440 | D:11     | Bought a shiny scale mail for 203 gold pieces
 16572 | D:15     | Entered Level 15 of the Dungeon
 17467 | D:15     | Reached ****** piety under Makhleb
 17539 | D:15     | Identified the Catalogue of the Mutagenic Rocks
 17556 | D:15     | Found Fialuitoug's Armour Shop.
 17853 | D:15     | Found a staircase to the Depths.
 18065 | D:15     | Found a runed translucent gate.
 18065 | D:15     | Found a runed translucent gate.
 18065 | D:15     | Found a runed translucent gate.
 18067 | D:15     | Noticed DungeonDestroyer's ghost (journeyman FoFi)
 18268 | Lair:1   | Entered Level 1 of the Lair of Beasts
 18562 | Lair:1   | Reached skill level 14 in Shields
 19449 | Lair:2   | Noticed Urug
 19461 | Lair:2   | Killed Urug
 20380 | Lair:3   | You fall into a shaft and drop 2 floors!
 20459 | Lair:5   | Acquired a +2 demon blade of venom
 20512 | Lair:5   | Identified a +2 pair of boots of running (You found it on
                  | level 5 of the Lair of Beasts)
 20744 | Lair:5   | Reached XP level 15. HP: 134/134 MP: 19/19
 21632 | Lair:4   | Noticed Nergalle
 21641 | Lair:4   | Killed Nergalle
 22063 | Lair:3   | Found a staircase to the Swamp.
 22329 | Lair:3   | Reached skill level 15 in Shields
 22643 | Lair:3   | Found a staircase to the Snake Pit.
 23030 | Lair:6   | Entered Level 6 of the Lair of Beasts
 23737 | Lair:6   | Found a hide-covered altar of Uskayaw.
 24059 | Lair:6   | Found a runed translucent door.
 24060 | Lair:6   | Found a viscous altar of Jiyva.
 24060 | Lair:6   | Noticed an acid blob
 24090 | Lair:6   | Found a staircase to the Slime Pits.
 24521 | Lair:6   | Reached skill level 16 in Shields
 24883 | Lair:6   | Killed an acid blob
 25140 | Orc:1    | Entered Level 1 of the Orcish Mines
 25640 | Orc:2    | Entered Level 2 of the Orcish Mines
 25949 | Orc:2    | Found a staircase to the Elven Halls.
 26238 | Orc:2    | Found Tiej's Jewellery Emporium.
 26238 | Orc:2    | Found Kieth's Weapon Boutique.
 26240 | Orc:2    | Found Movuagh's Book Shop.
 26242 | Orc:2    | Found Fetocoz's Magic Scroll Shoppe.
 26246 | Orc:2    | Bought the ring of Lonuty {+Fly rF+ MP+9 SInv Stlth-} for
                  | 700 gold pieces
 26297 | Orc:2    | Reached XP level 16. HP: 142/145 MP: 20/20
 26312 | Orc:2    | Found a transporter.
 26359 | Orc:2    | Found a transporter.
 26471 | Orc:2    | Identified the +9 great sword of Excruciating Pain
                  | {antimagic, +Blink Dex+4}
 26473 | Orc:2    | Found a bloodstained altar of Trog.
 26474 | Orc:2    | Noticed Tali's ghost (journeyman DsBe)
 26717 | Orc:2    | Identified the +9 double sword "Pendulum" {antimagic, rF+}
 26717 | Orc:2    | Identified the +0 plate armour of the Vaults {MR+}
 26742 | Orc:2    | Killed Tali's ghost
 27188 | Snake:1  | Entered Level 1 of the Snake Pit
 27277 | Snake:1  | Reached skill level 17 in Shields
 27785 | Snake:2  | Noticed Louise
 27808 | Snake:2  | Killed Louise
 28257 | Snake:2  | Noticed Azrael
 28450 | Snake:1  | Killed Azrael
 28982 | Snake:2  | Noticed Asterion
 29000 | Snake:2  | Killed Asterion
 29335 | Snake:2  | Noticed Saint Roka
 29787 | Snake:2  | Killed Saint Roka
 30238 | Snake:3  | Noticed Aizul
 30272 | Snake:3  | Killed Aizul
 30502 | Snake:3  | Found Erazxig's Distillery.
 30584 | Snake:3  | Found Riuluog's Magic Scroll Boutique.
 30586 | Snake:3  | Bought a potion of heal wounds for 75 gold pieces
 30586 | Snake:3  | Bought a potion of might for 60 gold pieces
 30586 | Snake:3  | Bought a potion of might for 60 gold pieces
 30742 | Snake:3  | Reached skill level 18 in Shields
 31657 | Snake:4  | Entered Level 4 of the Snake Pit
 31719 | Snake:4  | Reached skill level 15 in Armour
 32323 | Snake:4  | Reached XP level 17. HP: 139/154 MP: 21/21
 32422 | Snake:4  | Found Teluuw's General Store.
 32615 | Snake:4  | Found a runed translucent gate.
 32615 | Snake:4  | Found a runed translucent gate.
 32615 | Snake:4  | Found an opulent altar of Gozag.
 32616 | Snake:4  | Found a runed translucent gate.
 32616 | Snake:4  | Found Mylugob's Assorted Antiques.
 32617 | Snake:4  | Noticed rayg00n's ghost (adept TeAE)
 32618 | Snake:4  | Found Lucrorho's Assorted Antiques.
 32700 | Snake:4  | Reached skill level 15 in Fighting
 32784 | Snake:4  | Reached skill level 19 in Shields
 34136 | Snake:4  | Got a serpentine rune of Zot
 34281 | Snake:4  | Reached skill level 20 in Shields
 34317 | Snake:4  | Killed rayg00n's ghost
 34704 | Snake:4  | Reached XP level 18. HP: 129/166 MP: 22/22
 35181 | Swamp:1  | Entered Level 1 of the Swamp
 36788 | Swamp:3  | Found a frozen archway.
 36871 | IceCv    | Entered an ice cave
 36913 | IceCv    | Got a scorched sapphire amulet
 37097 | IceCv    | Reached skill level 21 in Shields
 37573 | IceCv    | Identified the Guide on Doomed Cold
 38344 | Swamp:4  | Entered Level 4 of the Swamp
 38390 | Swamp:4  | Got a jewelled plate armour
 38403 | Swamp:4  | Identified the amulet "Jeitishaa" {+Fly rElec Regen+ Dex+2
                  | Stlth+} (You found it in an ice cave)
 38404 | Swamp:4  | Identified the cursed +1 plate armour "Uxze" {+Fly rCorr
                  | Str+2 Slay-3} (You found it on level 4 of the Swamp)
 38685 | Swamp:4  | Slain by a swamp dragon

Illustrated notes

Levels and vault maps discovered:
D:1:      saegor_arrival_simple_a, layout_basic, serial_bayou,
          serial_bayou_lake_a, serial_bayou_ford_a, serial_bayou_lagoon_a,
          serial_bayou_pond_b, minmay_shallow_snake_nest
D:2:      layout_loops_ring, elyvilon_altar_5, uniq_sigmund
D:3:      layout_loops_corners, chequers_temple_overflow_minitemple,
          grunt_gozag_statues, overflow_temple_1_default,
          gup_sewer_entry_bubbles, first_ration, kennysheep_generic_room_13
D:4:      layout_basic, nemelex_xobeh_ov_fountains_minmay,
          palyth_stone_intersect
D:5:      layout_rooms, marbit_many_paths, grunt_decor_one_mirror
D:6:      nicolae_whirlpool, layout_cave_pools, kennysheep_mini,
          minmay_temple_entry_stoned_glass
D:7:      layout_rooms, zin_scriptorium, nicolae_ossuary_entry_false_entrances,
          serial_shops, shop_statue, grunt_ogre_cave
D:8:      layout_rooms, lemuel_round_altar, dpeg_lair_monsters, special_room
          [special_room_orc], enter_bailey_3
D:9:      minmay_chambers_of_sevens, layout_basic, serial_shops, shop
D:10:     layout_irregular_city
D:11:     layout_long_grid, orc_0_dummy, serial_shops, nicolae_shop_waterfront,
          minivault_16
D:12:     layout_basic, nicolae_trove_entry_diagonal, grunt_ministairs_10,
          uniq_rupert
D:13:     layout_roguey, serial_bayou, serial_bayou_crossing,
          serial_bayou_lagoon_b, serial_bayou_pond_d, serial_bayou_pond_d,
          serial_bayou_pond_e
D:14:     layout_loops_ring, lightli_vaults_fourway_checkpoint,
          lemuel_statue_altar, elves_outpost_lemuel
D:15:     grunt_enter_depths_hoard, layout_gridville, hangedman_decor_slide_cut,
          serial_shops, shop, gammafunk_ghost_hydra_chop
Temple:   dpeg_chambers_temple
Lair:1:   layout_roguey [special_room_bee], lemuel_another_geyser
Lair:2:   layout_regular_city, serial_bayou, serial_bayou_shore_a,
          serial_bayou_shore_b, serial_bayou_shore_b, serial_bayou_pond_e,
          uniq_urug
Lair:3:   lemuel_slime, layout_gridlike, swamp_mist, guppyfry_snake_entry_island
Lair:4:   layout_roguey, uniq_nergalle
Lair:5:   layout_regular_city, roderic_batcave
Lair:6:   hangedman_lair_tendril_chambers, layout_small_grid,
          guppyfry_lair_end_dragon, slime_altar_2, basic_altar,
          kennysheep_basilisk_garden
Swamp:1:  layout_falls_marsh, evilmike_swamp_ruin_house_6,
          infiniplex_staircase_pool
Swamp:2:  layout_basic_swamp, hangedman_swamp_ruin_hall
Swamp:3:  layout_basic_swamp, portal_ice_cave_entry_pillars_four,
          evilmike_swamp_ruin_rubble_2
Swamp:4:  swamp_fiery, layout_basic_swamp
Snake:1:  layout_rooms
Snake:2:  layout_grid_maze, uniq_asterion, uniq_louise, uniq_azrael,
          uniq_saint_roka
Snake:3:  layout_layer_cave, minmay_shoptagon, uniq_aizul
Snake:4:  snake_pit_salamanders_mu, layout_misc_corridors, serial_shops, shop,
          ebering_ghost_gozag
Orc:1:    layout_caves
Orc:2:    st_orc_rangers, layout_caves, gammafunk_ghost_wrathful_warriors

Skill      XL: |  1  2  3  4  5  6  7  8  9 10 11 12 13 14 15 16 17 18 |
---------------+-------------------------------------------------------+-----
Long Blades    | 4 6 8 10 11 12 13 14 15 16 17 18 | 18.8
Armour         | 1 2 4 5 6 7 8 10 11 12 13 14 15 | 15.9
Dodging        | 4 5 6 7 |  7.8
Fighting       | 3 4 5 6 7 8 10 12 13 14 16 | 16.6
Shields        | 1 2 6 8 9 12 14 16 18 20 21 | 21.4
Invocations    | 1 3 5 6 7 |  7.7
Maces & Flails | 2 |  2.1
Stealth        | 2 |  2.5
Evocations     | 1 2 |  2.1
Throwing       | |  2.4

Action                   |  1- 3 |  4- 6 |  7- 9 | 10-12 | 13-15 | 16-18 || total
-------------------------+-------+-------+-------+-------+-------+-------++-------
Melee: Long sword        |    66 |   198 |   405 |   741 |   436 |   201 ||  2047
       Headbutt          |     9 |    41 |    75 |   204 |   333 |   415 ||  1077
       Morningstar       |       |       |       |     5 |       |       ||     5
       Scimitar          |       |       |       |       |   286 |    33 ||   319
       Demon blade       |       |       |       |       |   870 |  1666 ||  2536
Throw: Throwing net      |       |       |       |     2 |       |       ||     2
Invok: Minor Destruction |       |       |       |    23 |    23 |    12 ||    58
       Lesser Servant of |       |       |       |       |       |     3 ||     3
 Abil: Evoke Flight      |       |       |       |       |       |     1 ||     1
Evoke: Wand              |       |       |       |     1 |       |       ||     1
  Use: Scroll            |       |    12 |    11 |     7 |    19 |     9 ||    58
       Potion            |       |       |     2 |     7 |     1 |     7 ||    17
 Stab: Distracted        |       |       |       |       |       |     2 ||     2
  Eat: Chunk             |     2 |     2 |    12 |    18 |    27 |    19 ||    80
       Ration            |       |     2 |     1 |     1 |     3 |     6 ||    13
Armor: Leather armour    |     2 |       |       |       |       |       ||     2
       Chain mail        |    32 |    74 |   166 |   165 |       |    67 ||   504
       Plate armour      |       |       |       |    15 |   424 |   428 ||   867
Dodge: Dodged            |    32 |    67 |   115 |   137 |   261 |   309 ||   921
Block: Other             |       |    14 |    26 |       |       |       ||    40
       Kite shield       |       |       |   173 |   526 |  1312 |  1860 ||  3871
       Reflection        |       |       |    12 |    18 |    88 |   133 ||   251
       Rpst.: Long sword |    13 |    23 |    26 |    32 |    16 |     7 ||   117
       Scimitar          |       |       |       |       |    20 |       ||    20
       Demon blade       |       |       |       |       |    23 |    46 ||    69
